 Dungeon Crawl Stone Soup version 0.22.1-2-g9c5b331 (webtiles) character file.

375 Goblin1989 the Covert (level 6, 0/39 HPs)
             Began as an Octopode Assassin on Dec 26, 2018.
             Was an Initiate of Ru.
             Slain by an orc
             ... wielding a +0 falchion
              (6 damage)
             ... on level 4 of the Dungeon.
             The game lasted 00:07:33 (3972 turns).

Goblin1989 the Covert (Octopode Assassin)           Turns: 3972, Time: 00:07:34

Health: 0/39       AC:  1    Str: 14    XL:     6   Next: 73%
Magic:  6/6        EV: 12    Int: 13    God:    Ru [......]
Gold:   72         SH:  0    Dex: 16    Spells: 5/5 levels left

rFire    . . .     SeeInvis .   a - +2 dagger
rCold    . . .     Gourm    .   (no shield)
rNeg     . . .     Faith    .   (helmet restricted)
rPois    .         Spirit   .   (no amulet)
rElec    .         Reflect  .   N - +4 ring of strength
rCorr    .         Harm     .   (no ring)
MR       .....                  (no ring)
Stlth    ++++++....             (no ring)
HPRegen  0.13/turn              (no ring)
MPRegen  0.10/turn              (no ring)
                                (no ring)
                                (no ring)

@: drained
A: almost no armour, stealthy swim, amphibious, 8 rings, constrict 8, camouflage
1, gelatinous body 1
a: Renounce Religion


You were on level 4 of the Dungeon.
You worshipped Ru.
Ru was noncommittal.
You were hungry.

You visited 1 branch of the dungeon, and saw 4 of its levels.

You collected 200 gold pieces.
You spent 128 gold pieces at shops.

Inventory:

Hand Weapons
 a - a +2 dagger (weapon)
 w - a +0 blowgun {@w1}
 R - a +0 rapier
Missiles
 c - 33 poisoned needles
 d - 2 curare-tipped needles
 D - 62 bolts
 F - 94 stones (quivered) {@Q3}
 H - 31 sling bullets
 L - 67 arrows
Jewellery
 N - a +4 ring of strength (left tentacle)
Scrolls
 A - 2 scrolls of identify {unknown}
 B - a scroll of enchant armour {unknown}
 C - 3 scrolls of remove curse {unknown}
 G - a scroll of random uselessness {unknown}
 J - 2 scrolls of fog {unknown}
 M - a scroll of immolation {unknown}
 O - a scroll of enchant weapon {unknown}
 Q - a scroll of amnesia {unknown}
 T - a scroll of magic mapping {unknown}
 V - a scroll of blinking {unknown}
Potions
 x - 5 potions of curing {@q1}
 I - a potion of brilliance {unknown}
 P - 4 potions of heal wounds {unknown}
 W - a potion of magic {unknown}
 X - a potion of degeneration {unknown}
Comestibles
 e - 18 rations


   Skills:
 - Level 2.0(1.7) Fighting
 - Level 2.0(1.7) Short Blades
 - Level 2.0(1.7) Throwing
 - Level 1.0(0.7) Dodging
 + Level 10.8(10.5) Stealth


You had 5 spell levels left.
You didn't know any spells.
Your spell library was empty.

Dungeon Overview and Level Annotations

Branches:
Dungeon (4/15)
 Temple: D:4-7

Altars:
Cheibriados
Ru
Sif Muna

Shops:
D:4 *(:(

Annotations:
D:4 1 runed door


Innate Abilities, Weirdness & Mutations

You cannot wear most types of armour.
You are very stealthy in the water. (Stealth+)
You are amphibious.
You can wear up to eight rings at the same time.
You can use your tentacles to constrict eight enemies at once.
Your skin changes colour to match your surroundings (Stealth+).
Your rubbery body absorbs attacks. (AC +1, EV +1)


Message History

No target in view!
No target in view!
No target in view!
No target in view!
You now have 72 gold pieces (gained 11).
Found a stone staircase leading down.
Key pressed, stopping explore.
Some of the chunks of flesh in your inventory have rotted away.
All of the chunks of flesh in your inventory have rotted away.
An adder comes into view.
The adder barely misses you. The adder bites you.
You take 4 damage, and have 35/39 hp.
You closely miss the adder. Your grab misses the adder.
The adder closely misses you.
You miss the adder. Your grab misses the adder. The adder bites you.
You are poisoned.
The adder poisons you!
You take 2 damage, and have 33/39 hp.
You hit the adder. You grab the adder. Your squeeze misses the adder.
The adder is moderately wounded.
You constrict the adder, but do no damage.
You feel sick. The adder completely misses you.
You barely miss the adder.
The adder is moderately wounded.
You constrict the adder. The adder barely misses you.
The adder closely misses you.
You barely miss the adder. You squeeze the adder.
You kill the adder!
You feel sick.
No target in view!
You take 1 damage, and have 32/39 hp.
No target in view!
No target in view!
No target in view!
No target in view!
No target in view!
No target in view!
No target in view!
No target in view!
No target in view!
No target in view!
No target in view!
No target in view!
No target in view!
No target in view!
No target in view!
No target in view!
You feel sick.
You feel sick.
You feel sick.
You feel sick.
You feel sick.
You are no longer poisoned.
Key pressed, stopping explore.
Key pressed, stopping explore.
An orc priest comes into view. It is wielding a whip.
An orc comes into view. It is wielding a falchion.
The orc priest moves out of view.
Health restored: 39 An orc is nearby!
An orc comes into view. It is wielding a flail.
The orc moves out of view.
An orc comes into view. It is wielding a war axe.
The orc shouts! x2; The orc priest shouts!
The orc shouts!
You hit the orc.
You kill the orc!
You hit the orc priest. You grab the orc priest.
The orc priest is moderately wounded.
You constrict the orc priest, but do no damage.
The orc priest invokes the aid of Beogh against you.
Beogh smites you!
You take 9 damage, and have 30/39 hp.
MASSIVE DAMAGE!!
You hit the orc priest.
The orc priest is severely wounded.
You constrict the orc priest.
You are feeling hungry.
The orc priest hits you with a whip!
You take 6 damage, and have 24/39 hp.
You hit the orc priest but do no damage.
The orc priest is severely wounded.
You constrict the orc priest, but do no damage.
The orc priest closely misses you. The orc closely misses you. x2
You barely miss the orc priest.
The orc priest is severely wounded.
You constrict the orc priest.
The orc priest looks encouraged for a moment.
You hit the orc priest but do no damage.
You squeeze the orc priest, but do no damage.
The orc priest is almost dead.
You constrict the orc priest, but do no damage.
The orc hits you with a falchion!
* * * LOW HITPOINT WARNING * * *
The orc barely misses you.
The orc priest mumbles some strange prayers to Beogh against you.
Beogh smites you!
* * * LOW HITPOINT WARNING * * *
You take 18 damage, and have 6/39 hp.
MASSIVE DAMAGE!!
You hit the orc priest.
You kill the orc priest!
The orc hits you with a falchion.
You die...

█...............███.███
█♣
█...████........███...
▲.
.....███.............
█♣
.......██.....█.███.█ ♣
.......███....█.█ ..█
.......████.█.█.██.██
............∩..<....█
.......█████.....)..█
....)..█ █...o@...█
.......█ █....)o..█
..██████ █........█ ███
█........█ █ █........█
███████....██
...........█
██████.....█ ██...██


You could see 2 orcs.

Vanquished Creatures
  2 howler monkeys (D:4)
  A hound (D:4)
  An orc priest (D:4)
  An iguana (D:4)
  A worker ant (D:4)
  4 gnolls (D:3)
  5 adders
  2 adder skeletons (D:4)
  5 worms
  2 dart slugs
  3 leopard geckos
  5 orcs
  6 giant cockroaches
  5 goblins
  6 hobgoblins
  6 jackals (D:4)
  7 kobolds
  A quokka (D:3)
  11 bats
  4 frilled lizards
  A jackal skeleton (D:4)
  5 rats
84 creatures vanquished.

Vanquished Creatures (others)
  A plant (D:4)
1 creature vanquished.

Grand Total: 85 creatures vanquished

Notes
Turn   | Place    | Note
-------+----------+-------------------------------------------
     0 | D:1      | Goblin1989 the Octopode Assassin began the quest for the
                  | Orb.
     0 | D:1      | Reached XP level 1. HP: 14/14 MP: 1/1
   158 | D:1      | Reached XP level 2. HP: 19/19 MP: 2/2
   171 | D:1      | Reached skill level 6 in Stealth
   889 | D:1      | Reached XP level 3. HP: 24/24 MP: 3/3
  1062 | D:2      | Reached skill level 7 in Stealth
  1093 | D:2      | Found a sacrificial altar of Ru.
  1129 | D:2      | Became a worshipper of Ru the Awakened
  1251 | D:2      | Found a snail-covered altar of Cheibriados.
  1283 | D:2      | Reached XP level 4. HP: 29/29 MP: 4/4
  2171 | D:3      | Reached skill level 8 in Stealth
  2434 | D:3      | Reached XP level 5. HP: 26/34 MP: 5/5
  2849 | D:4      | Found Jihoca's Book Emporium.
  2864 | D:4      | Reached skill level 9 in Stealth
  2999 | D:4      | Found Xuhimav's Antique Weapon Shoppe.
  3060 | D:4      | Found a runed door.
  3395 | D:4      | Found a deep blue altar of Sif Muna.
  3417 | D:4      | Reached XP level 6. HP: 39/39 MP: 6/6
  3454 | D:4      | Found Inkevot's Antique Weapon Shoppe.
  3461 | D:4      | Reached skill level 10 in Stealth
  3465 | D:4      | Found Vuumnatse's Assorted Antiques.
  3719 | D:4      | Bought 2 fizzy pink potions for 50 gold pieces
  3719 | D:4      | Bought a lumpy cyan potion for 25 gold pieces
  3719 | D:4      | Bought a scroll labeled TONESI SONO for 28 gold pieces
  3719 | D:4      | Bought a bubbling grey potion for 25 gold pieces
  3972 | D:4      | Slain by an orc

Skill      XL: |  1  2  3  4  5  6 |
---------------+-------------------+-----
Stealth        | 6 7 8 9 10 | 10.8
Fighting       | |  2.0
Short Blades   | |  2.0
Throwing       | |  2.0
Dodging        | |  1.0

Action                   |  1- 3 |  4- 6 || total
-------------------------+-------+-------++-------
Melee: Dagger            |    57 |   126 ||   183
       Tentacles         |     9 |    33 ||    42
       Constrict         |    11 |    29 ||    40
Invok: Reject Sacrifices |       |     1 ||     1
  Use: Potion            |       |     1 ||     1
 Stab: Sleeping          |    20 |    12 ||    32
  Eat: Chunk             |     1 |     8 ||     9
Armor: Skin              |     6 |     5 ||    11
Dodge: Dodged            |    34 |    52 ||    86

Vault maps used:
D:1:      saegor_arrival_simple_b
D:2:      nicolae_overflow_crystal_walls, nicolae_ru_sacrificial_ziggurat
D:3:      first_ration
D:4:      led_sif_pool, serial_forest, infiniplex_forest_end_2,
          infiniplex_forest_3_way, infiniplex_forest_clump_diagonal,
          infiniplex_forest_3_way, infiniplex_forest_clump_small,
          infiniplex_forest_lined_room_2, infiniplex_forest_clump_C,
          infiniplex_forest_side_room, serial_shops, shop, shop,
          nicolae_shop_behind_doors,
          nicolae_shop_temple_entry_statues_fountains, uniq_crazy_yiuf_cottage
